 Dungeon Crawl Stone Soup version 0.27-a0-1144-g0b7d3b79db (webtiles) character file.

Game seed: 14700430375313853581

66 freelancePsychic the Shooter (level 3, -1/31 HPs)
             Began as a Minotaur Hunter on May 10, 2021.
             Was a Priest of Uskayaw.
             Slain by a killer bee (4 damage)
             ... on level 6 of the Dungeon.
             The game lasted 00:03:51 (1551 turns).

freelancePsychic the Shooter (Minotaur Hunter)      Turns: 1551, Time: 00:03:52

Health: -1/31      AC:  5    Str: 17    XL:     3   Next: 96%
Magic:  3/3        EV: 11    Int:  8    God:    Uskayaw [***...]
Gold:   69         SH:  0    Dex: 10    Spells: 2/2 levels left

rFire    . . .     SeeInvis .   b - +0 war axe
rCold    . . .     Faith    .   (no shield)
rNeg     . . .     Spirit   .   h - +0 ring mail
rPois    .         Reflect  .   (helmet restricted)
rElec    .         Harm     .   (no cloak)
rCorr    .         Rampage  .   (no gloves)
Will     .....                  (no boots)
Stlth    +.........             (no amulet)
HPRegen  0.10/turn              (no ring)
MPRegen  0.08/turn              (no ring)

@: lethally poisoned (-1 -> -9), very slightly contaminated, invisible
A: horns 2, retaliatory headbutt
a: Renounce Religion, Stomp, Line Pass


You were on level 6 of the Dungeon.
You worshipped Uskayaw.
Uskayaw was noncommittal.
You visited 1 branch of the dungeon, and saw 4 of its levels.

You collected 69 gold pieces.

Inventory:

Hand Weapons
 a - a +1 shortbow
 b - a +0 war axe (weapon)
 m - a +0 short sword
Missiles
 d - 30 arrows
Armour
 c - a +0 leather armour
 h - a +0 ring mail (worn)
Scrolls
 l - a scroll of fog {unknown}
 n - a scroll of identify {unknown}
 p - a scroll of vulnerability {unknown}
Potions
 e - a potion of lignification {unknown}
 f - a potion of heal wounds {unknown}
 i - a potion of might {unknown}
 j - 4 potions of curing {@q1}
 o - a potion of magic {unknown}


   Skills:
 + Level 3.2 Fighting
 + Level 1.8 Axes
 - Level 4.4 Bows
 - Level 2.1 Dodging
 - Level 0.7 Stealth
 * Level 2.4 Invocations


You had 2 spell levels left.
You didn't know any spells.
Your spell library was empty.

Dungeon Overview and Level Annotations

Branches:
Dungeon (3/15)

Altars:
Sif Muna
Uskayaw

Annotations:
D:3 Grinder


Innate Abilities, Weirdness & Mutations

You have a pair of horns on your head.
You reflexively headbutt those who attack you in melee.


Message History

The killer bee barely misses you. x2; The bullfrog zombie hits you.
You barely miss the killer bee. You barely miss the bullfrog zombie.
The killer bee buzzes angrily. x2; You hear an angry buzzing noise.
The killer bee barely misses you. The killer bee stings you.
The bullfrog zombie barely misses you.
Unknown command.
The killer bee buzzes angrily.
You hit the killer bee.
The killer bee is moderately wounded.
You strike the helpless killer bee from behind!
You hit the killer bee. You hit the bullfrog zombie.
The killer bee closely misses you. The killer bee barely misses you. x2
You can now pass through a line of other dancers.
You miss the killer bee.
The killer bee is moderately wounded.
You closely miss the killer bee. The killer bee stings you!
You are lethally poisoned!
The killer bee poisons you! The killer bee barely misses you.
The killer bee closely misses you. You furiously retaliate!
You headbutt the killer bee!
Uskayaw will force your foes to helplessly watch your dance.
Uskayaw prepares the audience for your solo!
The helpless killer bee fails to defend itself.
You hit the killer bee.
The killer bee is almost dead.
The helpless killer bee fails to defend itself.
You hit the killer bee.
The helpless killer bee fails to defend itself.
You hit the killer bee.
The helpless killer bee fails to defend itself.
You hit the killer bee.
* * * LOW HITPOINT WARNING * * *
You feel very sick.
The bullfrog zombie is no longer paralysed.
The killer bee is no longer paralysed. x4
The killer bee stings you but does no damage.
The killer bee stings you.
* * * LOW HITPOINT WARNING * * *
The killer bee stings you.
You die...

## .###
...
######..
#......
#....#
#....###
#.yy.##
##@y..#
##y..#
.Z.#
.### ..
#. .. ..


You could see 4 killer bees and a bullfrog zombie.

Vanquished Creatures
  3 adders
  A worm (D:2)
  3 orcs (D:3)
  3 ball pythons
  2 bats
  2 endoplasms (D:1)
  4 giant cockroaches
  3 goblins
  A hobgoblin (D:3)
  2 jackals (D:3)
  2 kobolds (D:2)
  2 frilled lizards (D:2)
  3 rats
31 creatures vanquished.

Vanquished Creatures (others)
  10 toadstools (D:3)
10 creatures vanquished.

Grand Total: 41 creatures vanquished

Notes
Turn   | Place    | Note
-------+----------+-------------------------------------------
     0 | D:1      | freelancePsychic the Minotaur Hunter began the quest for
                  | the Orb.
     0 | D:1      | Reached XP level 1. HP: 18/18 MP: 0/0
    56 | D:1      | Found a faded altar of an unknown god.
    63 | D:1      | Became a worshipper of Uskayaw the Reveller
    63 | D:1      | Reached * piety under Uskayaw
   290 | D:1      | Reached ** piety under Uskayaw
   449 | D:1      | Reached skill level 1 in Invocations
   449 | D:1      | Reached XP level 2. HP: 25/25 MP: 1/1
   861 | D:2      | Reached skill level 1 in Axes
   873 | D:2      | Found a shimmering blue altar of Sif Muna.
   975 | D:2      | Reached XP level 3. HP: 31/31 MP: 3/3
  1466 | D:3      | Reached *** piety under Uskayaw
  1513 | D:3      | Noticed Grinder
  1513 | D:3      | Paralysed by Grinder for 3 turns
  1521 | D:3      | You fall into a shaft and drop 3 floors!
  1543 | D:6      | Noticed a killer bee
  1544 | D:6      | Noticed a killer bee
  1544 | D:6      | Noticed a killer bee
  1546 | D:6      | Noticed a killer bee
  1546 | D:6      | Noticed a killer bee
  1551 | D:6      | Slain by a killer bee

Illustrated notes

Levels and vault maps discovered:
D:1:      matt_arrival_los_fun, layout_loops_cross,
          shapermc_ecumenical_altar_totnotflames
D:2:      layout_rooms, basic_altar
D:3:      cheibrodos_fertilizer, layout_basic, uniq_grinder
D:6:      layout_cave_pools, gammafunk_ghost_arena, minivault_14

Skill      XL: |  1  2  3 |
---------------+----------+-----
Invocations    | 1 2 |  2.4
Axes           | 1 |  1.8
Fighting       | 3 |  3.2
Bows           | |  4.4
Dodging        | |  2.1
Stealth        | |  0.7

Action                   || total
-------------------------++-------
Melee: War axe           ||    18
 Fire: Shortbow          ||    64
  Use: Scroll            ||     2
       Potion            ||     2
 Stab: Paralysed         ||     6
       Invisible         ||     1
Armor: Leather armour    ||     6
       Ring mail         ||    13
Dodge: Dodged            ||    29

Table legend: (Time is in decaauts)
 A = Elapsed time spent in this place.
 B = Non-inter-level travel time spent in this place.
 C = Inter-level travel time spent in this place.
 D = Time resting spent in this place.
 E = Time spent auto-exploring this place.
 F = Levels seen in this place.
 G = Mean time per level.
                   A        B        C        D        E       F      G
               +--------+--------+--------+--------+--------+-----+--------+
         Total |   1561 |   1547 |     14 |     21 |   1332 |   4 |  390.2 |
       Dungeon |   1561 |   1547 |     14 |     21 |   1332 |   4 |  390.2 |
               +--------+--------+--------+--------+--------+-----+--------+

Top non-repeatable levels by time:
     D:1: 770 daAuts
     D:2: 509 daAuts
     D:3: 248 daAuts
     D:6: 31 daAuts
